 Dungeon Crawl Stone Soup version 0.24.0-123-gd5b16e6ec5 (webtiles) character file.

Game seed: 7503866402628370748, levelgen mode: deterministic

15428 leetStiK the Carver (level 12, 0/165 HPs)
             Began as a Minotaur Berserker on Jan 5, 2020.
             Was a High Priest of Trog.
             Slain by an ice beast (8 damage)
             ... summoned by an ice statue
             ... in an ice cave.
             The game lasted 02:55:40 (9936 turns).

leetStiK the Carver (Minotaur Berserker)            Turns: 9936, Time: 02:55:40

Health: 0/165      AC: 22    Str: 32    XL:     12   Next: 1%
Magic:  11/11      EV: 11    Int:  7    God:    Trog [*****.]
Gold:   798        SH:  0    Dex: 13    Spells: 11/11 levels left

rFire    . . .     SeeInvis .   k - +11 halberd "Zoqixueh" {holy, rPois rN+ Int+3}
rCold    . . .     Gourm    .   (shield currently unavailable)
rNeg     + . .     Faith    .   h - +0 plate armour
rPois    +         Spirit   .   (helmet restricted)
rElec    .         Reflect  .   (no cloak)
rCorr    .         Harm     .   (no gloves)
MR       ++...                  C - +0 pair of boots
Stlth    ..........             Z - amulet of regeneration
HPRegen  1.77/turn              G - +3 ring of dexterity
MPRegen  0.12/turn              a - +6 ring of protection

@: berserking, regenerating, very quick
A: retaliatory headbutt, horns 2
a: Berserk, Trog's Hand, Brothers in Arms, Renounce Religion


You were in an ice cave.
You worshipped Trog.
Trog was extremely pleased with you.
You were not hungry.

You visited 2 branches of the dungeon, and saw 12 of its levels.
You also visited: Bailey and Ice Cave.

You collected 798 gold pieces.

Inventory:

Hand Weapons
 b - a +3 antimagic quarterstaff
 d - the +2 scythe of Famine {freeze, Int+3 Dex+3 Stlth+}
   (You found it on level 2 of the Lair of Beasts)

   It has been specially enchanted to freeze those struck by it, causing extra
   injury to most foes and up to half again as much damage against particularly
   susceptible opponents.
   It can also slow down cold-blooded creatures.
   It affects your intelligence (+3).
   It affects your dexterity (+3).
   It makes you more stealthy.
 k - the +11 halberd "Zoqixueh" (weapon) {holy, rPois rN+ Int+3}
   (You found it on level 2 of the Lair of Beasts)

   It has been blessed by the Shining One to cause great damage to the undead
   and demons.
   It affects your intelligence (+3).
   It protects you from poison.
   It protects you from negative energy.
 x - a +6 antimagic demon trident
 R - the +8 long sword "Tuk Xoimm" {pain, rElec Int+2}
   (You found it on level 6 of the Dungeon)

   In the hands of one skilled in necromantic magic, it inflicts extra damage on
   living creatures.
   It affects your intelligence (+2).
   It insulates you from electricity.
Missiles
 i - 6 datura-tipped darts (quivered)
 m - 89 sling bullets
 z - 2 silver boomerangs
 F - a boomerang of dispersal
 M - 3 throwing nets
 Y - 2 atropa-tipped darts
Armour
 h - a +0 plate armour (worn)
 C - a +0 pair of boots (worn)
 L - a +0 shield
Jewellery
 a - a +6 ring of protection (right hand)
 B - an uncursed ring of stealth
 G - a +3 ring of dexterity (left hand)
 Z - an amulet of regeneration (around neck)
Wands
 o - a wand of flame (20)
 t - a wand of random effects (58)
 y - a wand of disintegration (15)
 P - a wand of iceblast (9)
Scrolls
 e - a scroll of identify
 f - a scroll of magic mapping
 l - a scroll of summoning {unknown}
 p - a scroll of immolation
 q - 3 scrolls of teleportation
 s - 5 scrolls of remove curse
 H - 2 scrolls of fog
 T - 2 scrolls of blinking {unknown}
 W - a scroll of enchant weapon
Potions
 g - 2 potions of haste
 j - 4 potions of brilliance
 r - 4 potions of flight
 w - a potion of invisibility
 D - 2 potions of mutation
 E - 2 potions of agility
 J - 2 potions of cancellation
 O - 4 potions of lignification
 X - a potion of magic
Miscellaneous
 v - a box of beasts
Comestibles
 c - 20 rations


   Skills:
 + Level 11.1 Fighting
 - Level 13.6 Long Blades
 * Level 5.9 Polearms
 + Level 10.7 Armour
 - Level 6.5 Dodging
 + Level 7.9 Shields


You had 11 spell levels left.
You didn't know any spells.
Your spell library contained the following spells:

 Spells                   Type           Power        Failure   Level  Hunger
 Animate Skeleton         Necr           N/A          96%         1    ##.....
 Beastly Appendage        Tmut           #.....       96%         1    ##.....
 Magic Dart               Conj           #...         96%         1    ##.....
 Pain                     Necr           #...         96%         1    ##.....
 Blink                    Tloc           N/A          99%         2    ###....
 Call Imp                 Summ           #.......     99%         2    ###....
 Slow                     Hex            #.......     99%         2    ###....
 Sticks to Snakes         Tmut           #.......     99%         2    ###....
 Conjure Flame            Conj/Fire      #.......     100%        3    ####...
 Mephitic Cloud           Conj/Pois/Air  #.......     100%        3    ####...
 Regeneration             Chrm/Necr      #.........   100%        3    ####...
 Spider Form              Tmut/Pois      #.........   100%        3    ####...
 Vampiric Draining        Necr           #.........   100%        3    ####...
 Animate Dead             Necr           N/A          100%        4    #####..
 Ice Form                 Ice/Tmut       #.......     100%        4    #####..
 Blade Hands              Tmut           #.........   100%        5    ######.


Dungeon Overview and Level Annotations

Branches:
Dungeon (9/15)             Temple (0/1) D:6            Lair (3/6) D:9
 Spider (0/4) Lair:2       Bailey (visited)           IceCv (1/1)
  Swamp: Lair:2-4    Shoals: Lair:2-4       Orc: D:9-12

Altars:
Ashenzari
Cheibriados
Elyvilon
Gozag
Hepliaklqana
Kikubaaqudgha
Makhleb
Nemelex Xobeh
Ru
Trog
Vehumet
Wu Jian
Yredelemnul
Zin
The Shining One

Shops:
D:7 (

Annotations:
IceCv 1 transporter, exclusion: 2 ice statues


Innate Abilities, Weirdness & Mutations

You reflexively headbutt those who attack you in melee.
You have a pair of horns on your head.


Message History

The ice beast hits you but does no damage.
The ice statue gestures at you. The ice beast barely misses you.
The ice beast hits you but does no damage.
You slash the ice beast!
You kill the ice beast!
You are engulfed in freezing vapours.
* * * LOW HITPOINT WARNING * * *
The ice beast hits you but does no damage.
You slice the ice beast!!
You kill the ice beast!
You are engulfed in freezing vapours.
* * * LOW HITPOINT WARNING * * *
The ice beast hits you but does no damage.
The ice beast barely misses you.
The ice statue gestures.
The ice beast hits you.
* * * LOW HITPOINT WARNING * * *
The ice beast freezes you!
You die...

#######
##.☼○°○##
##..Y@Y.○##
##..○○Y....##
#.....©.....#
#.....†.....#
#...........#
#.............#
#....8Y..8....#
#......[......#
##..../.?....##


You could see 2 ice statues and 4 ice beasts.

Vanquished Creatures
  A hydra (D:8)
  Harold (D:9)
  A two-headed ogre (D:9)
  The ghost of Ereth the Cleaver, a novice HOFi (D:5)
  Pikel (D:4)
  An ugly thing (IceCv)
  A torpor snail (Lair:2)
  2 spiny frogs (Lair:1)
  A rime drake (Lair:1)
  2 komodo dragons
  A troll (D:9)
  Grinder (D:5)
  5 blink frogs (Lair:1)
  2 dream sheep (D:8)
  2 hippogriffs
  A shadow (D:8)
  16 yaks
  A water moccasin (Lair:1)
  2 porcupines
  Duvessa (D:5)
  A hornet zombie (D:5)
  A sky beast (D:7)
  An orc warrior (D:9)
  7 ogres
  2 black bears
  8 ice beasts
  2 phantoms
  3 centaurs
  A crocodile (Lair:1)
  5 big kobolds
  Blork the orc (D:5)
  9 bullfrogs
  Dowan (D:5)
  4 scorpions
  4 wights
  A howler monkey (D:6)
  An electric eel (Lair:2)
  A centaur zombie (D:9)
  A bullfrog zombie (D:6)
  3 crimson imps (D:7)
  2 quasits
  7 hounds
  A gnoll shaman (D:8)
  6 orc priests
  3 centaur skeletons
  A jelly (D:6)
  2 orc wizards
  4 bullfrog skeletons
  3 iguanas
  Ijyb (D:5)
  10 worker ants
  2 hound zombies
  A mummy (D:8)
  A worker ant zombie (D:8)
  14 gnolls
  8 adders
  2 shadow imps
  3 oozes
  An adder zombie (D:8)
  5 worms
  3 dart slugs
  4 leopard geckos (D:7)
  24 orcs
  2 ball pythons
  9 bats
  9 giant cockroaches
  11 goblins
  8 hobgoblins
  13 kobolds
  A quokka (D:8)
  6 frilled lizards
  4 rats
272 creatures vanquished.

Vanquished Creatures (collateral kills)
  An ugly thing (IceCv)
1 creature vanquished.

Vanquished Creatures (others)
  A slave (D:4)
  A human (D:8)
  An iguana (D:4)
  An adder (D:4)
  A giant cockroach (D:4)
  A plant (Lair:2)
6 creatures vanquished.

Grand Total: 279 creatures vanquished

Notes
Turn   | Place    | Note
-------+----------+-------------------------------------------
     0 | D:1      | leetStiK the Minotaur Berserker began the quest for the
                  | Orb.
     0 | D:1      | Reached XP level 1. HP: 19/19 MP: 0/0
   234 | D:1      | Reached XP level 2. HP: 18/27 MP: 1/1
   799 | D:2      | Reached XP level 3. HP: 31/33 MP: 2/2
   929 | D:2      | Found an opulent altar of Gozag.
  1065 | D:2      | Reached ** piety under Trog
  1190 | D:2      | Reached XP level 4. HP: 41/41 MP: 3/3
  1299 | D:3      | Reached skill level 1 in Long Blades
  1307 | D:3      | Reached skill level 5 in Polearms
  1663 | D:3      | Found an ornate altar of the Wu Jian Council.
  1730 | D:3      | Reached XP level 5. HP: 47/47 MP: 4/4
  1736 | D:3      | Reached skill level 2 in Long Blades
  2328 | D:3      | Reached skill level 3 in Long Blades
  2356 | D:3      | Reached XP level 6. HP: 48/55 MP: 5/5
  2748 | D:4      | Reached *** piety under Trog
  2830 | D:4      | Reached skill level 5 in Fighting
  2893 | D:4      | Noticed Pikel
  2893 | D:4      | Noticed a slave
  2893 | D:4      | Noticed a slave
  2895 | D:4      | Noticed a slave
  2897 | D:4      | Noticed a slave
  2918 | D:4      | Killed Pikel
  2918 | D:4      | Reached skill level 5 in Long Blades
  2918 | D:4      | Reached XP level 7. HP: 54/62 MP: 6/6
  2941 | D:4      | Reached skill level 5 in Armour
  3299 | D:4      | Reached skill level 6 in Long Blades
  3401 | D:5      | Entered Level 5 of the Dungeon
  3408 | D:5      | Reached XP level 8. HP: 69/70 MP: 7/7
  3456 | D:5      | Found a burning altar of Makhleb.
  3474 | D:5      | Noticed Duvessa
  3474 | D:5      | Noticed Dowan
  3485 | D:5      | Killed Duvessa
  3493 | D:5      | Reached skill level 5 in Dodging
  3501 | D:5      | Killed Dowan
  3631 | D:5      | Noticed Blork the orc
  3636 | D:5      | Killed Blork the orc
  3669 | D:5      | Reached skill level 7 in Long Blades
  3854 | D:5      | Noticed Ijyb
  3864 | D:5      | Killed Ijyb
  3933 | D:5      | Reached **** piety under Trog
  3937 | D:5      | Noticed Grinder
  3941 | D:5      | Paralysed by Grinder for 7 turns
  3961 | D:5      | Killed Grinder
  4203 | D:5      | Found a runed translucent door.
  4203 | D:5      | Noticed Ereth's ghost (novice HOFi)
  4216 | D:5      | Killed Ereth's ghost
  4216 | D:5      | Reached skill level 8 in Long Blades
  4216 | D:5      | Reached XP level 9. HP: 79/79 MP: 8/8
  4851 | D:6      | Found a hazy altar of Hepliaklqana.
  4899 | D:6      | Found a radiant altar of Vehumet.
  4899 | D:6      | Found a glowing golden altar of the Shining One.
  4906 | D:6      | Reached skill level 9 in Long Blades
  4977 | D:6      | Got a fine long sword
  5117 | D:6      | Found a staircase to the Ecumenical Temple.
  5144 | D:6      | Identified the +8 long sword "Tuk Xoimm" {pain, rElec
                  | Int+2} (You found it on level 6 of the Dungeon)
  5643 | D:7      | Reached skill level 1 in Shields
  5666 | D:7      | Found a sacrificial altar of Ru.
  5666 | D:7      | Found a sparkling altar of Nemelex Xobeh.
  5666 | D:7      | Found a glowing silver altar of Zin.
  5667 | D:7      | Found a shattered altar of Ashenzari.
  5667 | D:7      | Found an ancient bone altar of Kikubaaqudgha.
  5667 | D:7      | Found a bloodstained altar of Trog.
  5767 | D:7      | Found Nuqoiff's Weapon Boutique.
  6336 | D:7      | Reached skill level 10 in Long Blades
  6525 | D:7      | Reached XP level 10. HP: 83/90 MP: 9/9
  6811 | D:8      | Reached ***** piety under Trog
  6838 | D:8      | Found a snail-covered altar of Cheibriados.
  6907 | D:8      | Reached skill level 11 in Long Blades
  6943 | D:8      | Noticed a three-headed hydra
  6947 | D:8      | Killed a six-headed hydra
  7202 | D:8      | Found an ancient bone altar of Kikubaaqudgha.
  7465 | D:9      | Reached skill level 5 in Shields
  7505 | D:9      | Found a flagged portal.
  7508 | D:9      | Noticed a two-headed ogre
  7520 | D:9      | Killed a two-headed ogre
  7534 | Bailey   | Entered a bailey
  7606 | D:9      | Noticed Harold
  7607 | D:9      | Found a white marble altar of Elyvilon.
  7627 | D:9      | Killed Harold
  7627 | D:9      | Reached skill level 12 in Long Blades
  7627 | D:9      | Reached XP level 11. HP: 46/99 MP: 10/10
  7801 | D:9      | Received a gift from Trog
  7904 | D:9      | Reached skill level 10 in Fighting
  8080 | D:9      | Found a staircase to the Lair.
  8245 | D:9      | Found a basalt altar of Yredelemnul.
  8345 | Lair:1   | Entered Level 1 of the Lair of Beasts
  8965 | Lair:1   | Reached skill level 10 in Armour
  8967 | Lair:1   | Reached skill level 13 in Long Blades
  9361 | Lair:2   | Found a hole to the Spider Nest.
  9412 | Lair:2   | Got a slimy halberd
  9420 | Lair:2   | Identified the +11 halberd "Zoqixueh" {holy, rPois rN+
                  | Int+3} (You found it on level 2 of the Lair of Beasts)
  9523 | Lair:2   | Got a crystal scythe
  9524 | Lair:2   | Identified the +2 scythe of Famine {freeze, Int+3 Dex+3
                  | Stlth+} (You found it on level 2 of the Lair of Beasts)
  9802 | Lair:2   | You fall into a shaft and drop 1 floor!
  9849 | Lair:3   | Found a frozen archway.
  9865 | IceCv    | Entered an ice cave
  9865 | IceCv    | Noticed a white ugly thing
  9866 | IceCv    | Found a transporter.
  9870 | IceCv    | Killed a white ugly thing
  9880 | IceCv    | Received a gift from Trog
  9902 | IceCv    | Noticed a white ugly thing
  9905 | IceCv    | Killed a white ugly thing
  9905 | IceCv    | Reached XP level 12. HP: 49/110 MP: 11/11
  9908 | IceCv    | Found a transporter.
  9910 | IceCv    | HP: 1/110 [ice statue] (15)]
  9935 | IceCv    | HP: 7/165 [ice statue] (11)]
  9936 | IceCv    | Slain by an ice beast

Levels and vault maps discovered:
D:1:      ebering_trefoil_twist, layout_loops_ring,
          chequers_serial_rivers_small_a
D:2:      minmay_spotlight, layout_rooms, lemuel_doored_altar
D:3:      layout_basic, old_standard_altar, first_ration, serial_bayou_lagoon_a
D:4:      layout_loops_cross, uniq_pikel
D:5:      layout_loops_ring, bloody_makhleb, gammafunk_ghost_grave,
          minmay_misc_feat_x, chequers_serial_rivers_room_a, uniq_blork_the_orc,
          uniq_ijyb, uniq_grinder, uniq_duvessa
D:6:      layout_basic, nicolae_overflow_crystal_walls,
          chequers_temple_overflow_statue_of_worship, temple_doors_e,
          minivault_22
D:7:      kennysheep_windowed_halls, layout_basic, grunt_temple_overflow_open,
          serial_shops, shop
D:8:      layout_loops_ring, slow_altar_1, hangedman_ranch
          [blue_anna_fruit_fields], tgw_kikubaaqudgha
D:9:      layout_cave_pools, kennysheep_ying_yang, lair_entry_dummy,
          enter_bailey_2, grunt_ministairs_13, uniq_harold
Lair:1:   layout_hall_layers, grunt_megastairs_4, lemuel_fruit_tree
Lair:2:   layout_roguey, nicolae_spider_entry_non_spiders, serial_bayou_shore_a
Lair:3:   layout_layer_cave, portal_ice_cave_entry_pillars_1,
          serial_bayou_ford_a, grunt_megastairs_2
IceCv:    ice_cave_statue_garden_transporter

Skill      XL: |  1  2  3  4  5  6  7  8  9 10 11 |
---------------+----------------------------------+-----
Polearms       | 4 5 |  5.9
Fighting       | 4 5 6 7 8 9 11 | 11.1
Armour         | 3 4 5 6 7 9 10 | 10.7
Long Blades    | 1 3 5 6 8 10 12 13 | 13.6
Dodging        | 3 4 6 |  6.5
Shields        | 3 5 7 |  7.9

Action                   |  1- 3 |  4- 6 |  7- 9 | 10-12 || total
-------------------------+-------+-------+-------+-------++-------
Melee: Spear             |    64 |       |       |       ||    64
       Headbutt          |    11 |    21 |    57 |    87 ||   176
       Long sword        |    20 |   108 |   205 |   289 ||   622
       Halberd           |       |       |       |    63 ||    63
       Scythe            |       |       |       |     6 ||     6
Invok: Berserk           |       |     3 |     8 |     4 ||    15
       Trog's Hand       |       |     1 |       |     5 ||     6
       Brothers in Arms  |       |       |     1 |     1 ||     2
  Use: Scroll            |       |       |    16 |     9 ||    25
       Potion            |       |       |     1 |     9 ||    10
  Eat: Ration            |     1 |     1 |     4 |     4 ||    10
       Chunk             |       |     6 |     4 |     2 ||    12
Armor: Animal skin       |     1 |       |       |       ||     1
       Scale mail        |    12 |       |       |       ||    12
       Plate armour      |    15 |    96 |   109 |   210 ||   430
       Skin              |       |       |       |     3 ||     3
Dodge: Dodged            |    28 |    58 |    65 |   172 ||   323
Block: Shield            |       |       |    67 |   127 ||   194
       Rpst.: Long sword |     6 |    16 |    19 |    20 ||    61
